Selects Australian Defense Battlegroup
Selects Australian Light Infantry Section
Australian Light Infantry Section
Australian Light Infantry Section
Construct Section Command Post
Selects 2-pounder Anti-tank Gun Team
Construct Platoon Command Post
Unlock Bishop Self-propelled Artillery
6-pounder Anti-tank Gun Team
Bishop Self-propelled Artillery
Australian Light Infantry Section
Bishop Self-propelled Artillery
Selects CMP 15cwt Supply Run
Selects Artillery Trip Wire Flares
Construct Company Command Post
Bishop Self-propelled Artillery
Selects Archer Tank Destroyer